 Dungeon Crawl Stone Soup version 0.29.1-1-gd02db6906a (webtiles) character file.

Game seed: 11725256124486343656

728 raistware the Conjurer (level 8, -8/52 HPs)
             Began as a Human Conjurer on Sept 30, 2022.
             Mangled by an iguana (12 damage)
             ... on level 6 of the Dungeon.
             The game lasted 00:11:30 (6601 turns).

raistware the Conjurer (Human Conjurer)             Turns: 6601, Time: 00:11:30

Health: -8/52      AC:  3    Str:  8    XL:     8   Next: 3%
Magic:  1/14       EV: 13    Int: 20    God:
Gold:   257        SH:  0    Dex: 12    Spells: 10/15 levels left

rFire   + + .      SeeInvis .   k - staff of fire
rCold   . . .      Faith    .   (no shield)
rNeg    . . .      Spirit   .   a - +0 robe
rPois   .          Reflect  .   (no helmet)
rElec   .          Harm     .   p - +0 cloak
rCorr   .          Rampage  .   (no gloves)
Will    .....                   (no boots)
Stlth   ++........              r - amulet of magic regeneration
HPRegen 0.17/turn               g - ring of protection from fire
MPRegen 0.54/turn               (no ring)

@: lethally poisoned (-8 -> -15), very slightly contaminated
A: no striking features
a: no special abilities


You were on level 6 of the Dungeon.
You visited 2 branches of the dungeon, and saw 7 of its levels.

You collected 257 gold pieces.

Inventory:

Missiles
 t - 2 throwing nets
Armour
 a - a +0 robe (worn)
 p - a +0 cloak (worn)
 w - an orb of guile
Magical Staves
 k - a staff of fire (weapon)
Jewellery
 g - a ring of protection from fire (left hand)
 r - an amulet of magic regeneration (around neck)
 s - a ring of willpower
Scrolls
 e - 2 scrolls of silence
 f - 4 scrolls of teleportation
 i - 3 scrolls of vulnerability
 n - a scroll of magic mapping
 o - a scroll of amnesia
 v - a scroll of noise
Potions
 b - a potion of magic
 c - 2 potions of invisibility
 d - 2 potions of curing
 j - 2 potions of brilliance
 l - 3 potions of attraction
 m - 2 potions of might
 q - a potion of lignification
 u - a potion of heal wounds {unknown}
 x - 2 potions of cancellation


   Skills:
 - Level 4.0 Dodging
 - Level 2.0 Stealth
 - Level 4.0 Spellcasting
 * Level 7.2 Conjurations
 - Level 2.0 Translocations


You had 10 spell levels left.
You knew the following spells:

 Your Spells              Type           Power      Damage    Failure   Level
a - Magic Dart            Conj           100%       1d8       1%          1
b - Iskenderun's Mystic   Conj/Tloc      22%        2d6       19%         4

Your spell library contained the following spells:

 Spells                   Type           Power      Damage    Failure   Level
 Searing Ray              Conj           64%        2d6       1%          2
 Dazzling Flash           Conj/Hex       36%        N/A       9%          3
 Ensorcelled Hibernation  Hex/Ice        8%         N/A       19%         2
 Passwall                 Tmut/Erth      3%         N/A       19%         2
 Portal Projectile        Hex/Tloc       16%        N/A       26%         3
 Fulminant Prism          Conj/Hex       9%         3d7       28%         4
 Swiftness                Air            4%         N/A       36%         3
 Tukima's Dance           Hex            4%         N/A       36%         3
 Blade Hands              Tmut           2%         N/A       98%         5


Dungeon Overview and Level Annotations

Branches:
Dungeon (6/15)             Temple (1/1) D:4

Altars:
Ashenzari
Dithmenos
Fedhas
Hepliaklqana
Kikubaaqudgha
Nemelex Xobeh
Okawaru
Qazlal
Ru
Sif Muna
Uskayaw
Wu Jian
Xom
Yredelemnul

Shops:
D:4 (


Message History

Confirm with . or Enter, or press ? or * to list all spells.
The spell is quite dangerous to miscast (19% risk of failure)!
Continue anyway?
You erupt in a blast of force!
The mystic blast hits the iguana!
The iguana is severely wounded.
The iguana is knocked back by the mystic blast.
The mystic blast hits the water moccasin.
The water moccasin is lightly wounded.
The water moccasin is knocked back by the mystic blast.
The water moccasin slams into the rock wall!
The water moccasin is moderately wounded.
* * * LOW HITPOINT WARNING * * *
You feel very sick.
You hear a loud, deep croak!
Something shouts, "Decamp, thou canting bat-fowling varlet!"
The water moccasin closely misses you.
A bullfrog comes into view.
You feel better. The water moccasin barely misses you.
The water moccasin bites you.
* * * LOW HITPOINT WARNING * * *
You are lethally poisoned!
The water moccasin poisons you!
You feel better. The water moccasin bites you!
Casting: Iskenderun's Mystic Blast (quite dangerous; 19% risk of failure)
Confirm with . or Enter, or press ? or * to list all spells.
The spell is quite dangerous to miscast (19% risk of failure)!
Continue anyway?
You miscast Iskenderun's Mystic Blast.
Nothing appears to happen.
The water moccasin bites you.
* * * LOW HITPOINT WARNING * * *
You are poisoned.
The water moccasin poisons you!
A wight comes into view. It is wielding a +4 mace of freezing.
The iguana bites you.
* * * LOW HITPOINT WARNING * * *
Unknown command.
Unknown command.
* * * LOW HITPOINT WARNING * * *
You feel sick. The water moccasin barely misses you.
The water moccasin bites you but does no damage.
The iguana bites you!
You die...

####... .....#
.. ###... .
..... #..
....... ..
..8.## ....
..###... ...
....###..#.
#.... ...?
..........
..##..
.....#.........
...#...
#.....Sl.......
.....##
#@F...... ....
#......... ...
...........
......###....
........# #..
.......## .
......# ......


You could see a water moccasin, a bullfrog and an iguana.

Vanquished Creatures
  An ogre (D:5)
  A phantom (D:4)
  A scorpion (D:5)
  A wight (D:5)
  A vampire bat (D:5)
  4 hounds (D:5)
  An iguana (D:4)
  A gnoll bouda (D:5)
  Jessica (D:2)
  5 adders
  7 gnolls
  A worm (D:4)
  2 dart slugs
  10 orcs
  6 ball pythons
  11 bats
  4 endoplasms
  3 giant cockroaches
  4 goblins
  10 hobgoblins
  4 jackals (D:1)
  4 quokkas
  3 frilled lizards
  3 kobolds
  3 rats
92 creatures vanquished.

Vanquished Creatures (others)
  3 plants (D:1)
3 creatures vanquished.

Grand Total: 95 creatures vanquished

Notes
Turn   | Place    | Note
-------+----------+-------------------------------------------
     0 | D:1      | raistware the Human Conjurer began the quest for the Orb.
     0 | D:1      | Reached XP level 1. HP: 13/13 MP: 3/3
   248 | D:1      | Reached XP level 2. HP: 10/19 MP: 0/5
   462 | D:1      | You fall into a shaft and drop 1 floor!
   777 | D:2      | Reached XP level 3. HP: 24/24 MP: 1/7
  1606 | D:1      | Found a faded altar of an unknown god.
  1932 | D:2      | Reached XP level 4. HP: 30/30 MP: 4/9
  2202 | D:2      | Noticed Jessica
  2209 | D:2      | Learned a level 4 spell: Iskenderun's Mystic Blast
  2219 | D:2      | Killed Jessica
  2220 | D:2      | Reached skill level 1 in Translocations
  2802 | D:3      | HP: 1/30 [orc/+0 mace (6)]
  3385 | D:3      | Reached XP level 5. HP: 28/35 MP: 6/11
  4178 | D:4      | Noticed a phantom
  4192 | D:4      | Killed a phantom
  4193 | D:4      | Reached XP level 6. HP: 36/41 MP: 4/12
  4246 | D:4      | Found a staircase to the Ecumenical Temple.
  4252 | Temple   | Entered the Ecumenical Temple
  4465 | D:4      | Reached skill level 5 in Conjurations
  4710 | D:4      | Found Cuifoi's Antique Weapon Emporium.
  5168 | D:5      | Entered Level 5 of the Dungeon
  5168 | D:5      | Noticed an ogre
  5273 | D:5      | Killed an ogre
  5274 | D:5      | Reached XP level 7. HP: 16/46 MP: 4/13
  5657 | D:5      | Reached skill level 6 in Conjurations
  6134 | D:5      | Found a shimmering blue altar of Sif Muna.
  6372 | D:5      | Reached skill level 7 in Conjurations
  6550 | D:5      | Reached XP level 8. HP: 39/52 MP: 9/14
  6601 | D:6      | Mangled by an iguana

Illustrated notes

Levels and vault maps discovered:
D:1:      psy_arrival_conway, layout_rooms, serial_forest,
          infiniplex_forest_end_2, infiniplex_forest_clump_C,
          infiniplex_forest_clump_medium, infiniplex_forest_zigzag_1,
          infiniplex_forest_clump_medium, infiniplex_forest_straight_4,
          infiniplex_forest_clump_double, infiniplex_forest_clump_long,
          ebering_ecumenical_altar_abandoned, minmay_pentomino_o2
D:2:      layout_basic, uniq_jessica
D:3:      layout_basic
D:4:      layout_basic, minmay_temple_entry_trees, serial_shops,
          nicolae_stop_n_shop_2
D:5:      layout_basic, mainiacjoe_overflow_alcove_2, roderic_batcave,
          minmay_misc_feat_rugged
D:6:      layout_cave_pools, minmay_overflow_temple_star_quad,
          serial_column_ruins, column_ruins_temple_hall, column_ruins_hut,
          column_ruins_grid_4, column_ruins_grid_1, column_ruins_open_small,
          column_ruins_open_small, column_ruins_columns_straight,
          chequers_ossuary_entry_cave, uniq_grinder
Temple:   dshaligram_water_room_temple

Skill      XL: |  1  2  3  4  5  6  7 |
---------------+----------------------+-----
Spellcasting   | 3 4 |  4.0
Translocations | 2 |  2.0
Dodging        | 3 4 |  4.0
Conjurations   | 5 7 |  7.2
Stealth        | |  2.0

Action                   |  1- 3 |  4- 6 |  7- 9 || total
-------------------------+-------+-------+-------++-------
Melee: Unarmed           |     6 |       |       ||     6
       Punch             |     1 |       |       ||     1
       Staff             |    10 |    16 |     3 ||    29
 Cast: Magic Dart        |    61 |   137 |    71 ||   269
       Iskenderun's Myst |       |     1 |     2 ||     3
Evoke: Wand              |       |     8 |     6 ||    14
  Use: Scroll            |       |       |    12 ||    12
       Potion            |       |       |     2 ||     2
 Stab: Sleeping          |       |     1 |       ||     1
Armor: Robe              |     4 |     5 |    12 ||    21
Dodge: Dodged            |    28 |    46 |    38 ||   112
